Map: Blackburn LE

Players

DRG - Winner!

  • Race: Zerg Zerg

LiquidClem (Clem)

  • Race: Terran Terran

Event: StayAtHome Story Cup #4

VOD

Have the link to the VOD?

Description

Time

  • Played on: Oct. 22, 2021, 7:43 a.m.
  • Length: 8:56

All games in this series

Show
View Real Time Build Order
Export as new Build Order

DRG Zerg - Winner!

Build Orders: Hatch First 

Get SALT Encoding   

  12  0:00  Drone  
  13  0:12  Overlord  
  13  0:17  Drone  
  14  0:30  Drone x2  
  16  0:48  Hatchery  
  15  0:51  Drone  
  15  0:55  Drone  
  17  0:58  Drone  
  18  1:09  Extractor  
  17  1:13  Spawning Pool  
  17  1:17  Drone  
  17  1:19  Drone  
  18  1:27  Drone  
  19  1:38  Drone  
  20  1:49  Drone  
  21  2:00  Queen x2  
  26  2:01  Zergling x4  
  27  2:11  Overlord  
  27  2:12  Drone  
  28  2:29  Overlord  
  29  2:30  Drone  
  29  2:31  Metabolic Boost  
  29  2:35  Drone x2  
  29  2:36  Queen  
  33  2:42  Queen  
  35  2:47  Overlord  
  35  2:51  Drone  
  36  2:54  Drone  
  36  2:56  Drone  
  38  3:05  Drone  
  39  3:06  Drone  
  39  3:10  Drone x2  
  39  3:12  Drone  
  43  3:15  Drone x3  
  43  3:16  Drone  
  47  3:23  Lair, Extractor  
  46  3:30  Drone  
  46  3:33  Drone  
  48  3:36  Drone  
  48  3:38  Drone  
  50  3:41  Drone  
  50  3:47  Drone  
  52  3:53  Overlord  
  51  3:58  Overlord  
  51  4:00  Extractor x2  
  51  4:02  Overlord  
  49  4:09  Zergling x4  
  51  4:12  Drone x3  
  54  4:19  Zergling x2  
  54  4:23  Drone  
  55  4:24  Spire  
  55  4:27  Drone  
  55  4:28  Queen  
  55  4:30  Hatchery  
  56  4:33  Zergling x10  
  56  4:36  Drone  
  56  4:37  Drone  
  63  4:42  Drone  
  63  4:44  Drone  
  65  4:52  Spore Crawler, Zergling x2  
  65  4:55  Overlord  
  65  4:56  Spore Crawler  
  65  4:59  Overseer  
  64  5:02  Drone x2  
  64  5:03  Overlord  
  66  5:12  Queen  
  68  5:24  Overlord  
  68  5:35  Mutalisk x7  
  68  5:37  Mutalisk  
  68  5:41  Queen  
  85  5:50  Queen  
  85  5:56  Mutalisk x2  
  82  5:58  Zergling x8  
  82  6:01  Zergling x4  
  84  6:08  Zergling x8  
  84  6:09  Zergling x2  
  88  6:16  Drone x2  
  90  6:23  Drone  
  90  6:24  Drone  
  92  6:28  Drone  
  93  6:34  Drone x2  
  93  6:38  Zerg Flyer Weapons Level 1  
  93  6:39  Evolution Chamber  
  95  6:40  Drone x3, Evolution Chamber  
  91  6:58  Mutalisk x3  
  97  7:01  Drone  
  97  7:02  Drone  
  97  7:06  Drone x4  
  97  7:07  Drone  
  98  7:20  Overlord x2  
  98  7:23  Overlord x2  
  98  7:24  Queen, Baneling Nest, Extractor  
  98  7:25  Extractor  
  97  7:32  Hatchery  
  97  7:34  Overlord  
  97  7:35  Pneumatized Carapace  
  97  7:36  Overseer  
  96  7:39  Drone x6  
  102  7:47  Mutalisk x3  
  102  7:49  Mutalisk  
  110  7:51  Zergling x4  
  112  8:00  Drone x3  
  115  8:10  Drone x9  
  124  8:17  Zergling x2  
  124  8:18  Zergling x6  
  128  8:24  Zergling x8  
  132  8:28  Overlord  
  132  8:30  Overlord  
Show
View Real Time Build Order
Export as new Build Order

LiquidClem Terran 

Build Orders: Reaper Expand, Hellion Banshee 

Get SALT Encoding   

  12  0:00  SCV  
  13  0:12  SCV  
  14  0:17  Supply Depot  
  14  0:24  SCV  
  15  0:39  SCV, Barracks  
  16  0:44  Refinery  
  16  0:51  SCV  
  17  1:03  SCV  
  18  1:15  SCV  
  19  1:27  Reaper  
  19  1:28  Orbital Command  
  20  1:40  Command Center  
  20  1:48  Supply Depot  
  20  1:53  SCV  
  21  2:00  Reaper  
  22  2:05  Engineering Bay  
  22  2:08  SCV  
  23  2:20  SCV  
  23  2:21  Factory  
  24  2:34  SCV  
  25  2:40  Barracks Reactor  
  25  2:47  Command Center  
  25  2:49  SCV  
  26  2:56  Orbital Command  
  26  3:01  SCV  
  27  3:10  Refinery  
  27  3:16  SCV  
  27  3:17  Starport  
  28  3:21  Hellion  
  28  3:22  SCV  
  28  3:26  Hellion  
  33  3:32  SCV  
  34  3:34  SCV  
  34  3:38  Barracks Tech Lab  
  35  3:43  Hellion  
  35  3:44  SCV  
  35  3:46  SCV  
  35  3:48  Hellion  
  40  3:56  SCV  
  40  3:58  SCV  
  40  4:00  Orbital Command  
  41  4:06  Banshee  
  41  4:09  Hellion x2  
  48  4:11  Cloaking Field  
  48  4:13  SCV  
  48  4:14  SCV  
  50  4:22  Barracks Tech Lab  
  50  4:24  Supply Depot  
  50  4:25  SCV  
  50  4:27  SCV x2  
  50  4:31  Hellion x2  
  57  4:37  SCV  
  58  4:39  SCV x2  
  58  4:43  Supply Depot  
  60  4:46  Armory  
  60  4:48  Supply Depot  
  60  4:49  SCV  
  60  4:51  SCV  
  60  4:52  Hellion x2  
  66  4:55  Banshee  
  69  5:03  Barracks  
  69  5:04  SCV  
  69  5:06  Barracks  
  70  5:08  SCV  
  70  5:09  SCV  
  70  5:11  Supply Depot  
  70  5:13  Marine  
  73  5:14  Refinery  
  73  5:18  Hellion  
  73  5:19  Supply Depot  
  73  5:21  Hellion  
  78  5:27  SCV  
  78  5:28  SCV, Engineering Bay  
  79  5:30  Engineering Bay  
  79  5:31  Orbital Command  
  79  5:33  Marine  
  79  5:35  Supply Depot  
  80  5:39  SCV  
  80  5:40  SCV, Refinery, Stimpack  
  82  5:48  Starport Reactor  
  80  5:51  SCV, Marine  
  80  5:52  SCV, Marine  
  80  5:58  SCV  
  80  6:00  Marine  
  80  6:03  Widow Mine x2  
  79  6:04  Missile Turret  
  79  6:06  Missile Turret  
  79  6:09  Marine  
  79  6:10  Missile Turret, Marine  
  68  6:11  Missile Turret  
  68  6:18  Marine  
  68  6:20  Barracks x2  
  68  6:22  SCV  
  68  6:23  SCV  
  69  6:27  Marine  
  69  6:29  Widow Mine x2  
  72  6:32  Marine  
  72  6:36  Barracks, Marine  
  72  6:38  Barracks  
  73  6:40  Medivac  
  73  6:43  SCV x2  
  73  6:44  Marine  
  78  6:51  Widow Mine, Marine  
  78  6:52  Widow Mine  
  78  6:53  Orbital Command  
  74  6:54  Marine  
  74  6:56  SCV  
  69  7:01  SCV  
  69  7:02  Marine  
  69  7:08  SCV, Marine  
  65  7:09  Marine  
  65  7:12  Marine x2  
  65  7:13  SCV  
  67  7:20  SCV, Marine  
  67  7:22  Medivac  
  69  7:25  SCV  
  69  7:26  Marine x2  
  69  7:27  Marine x2  
  73  7:30  Marine  
  73  7:31  Widow Mine x2  
  73  7:34  Medivac  
  79  7:40  SCV x2  
  79  7:41  SCV  
  79  7:43  Marine x2  
  84  7:44  Supply Depot  
  84  7:52  Supply Depot  
  84  8:01  Orbital Command  
  84  8:06  SCV  
  84  8:07  Supply Depot x2  
  84  8:11  Widow Mine x2, Marine x4  
  93  8:14  SCV, Marine x3  
  93  8:16  Medivac  
  93  8:19  Medivac  
  100  8:27  SCV  
  100  8:29  Missile Turret, Marine x3  
  100  8:32  Marine  
  100  8:33  Widow Mine  
  102  8:34  Marine  
  102  8:35  Marine  
  102  8:37  Marine  
Tags
 
Add a new tag
Caveats
  • Supply blocks, unpowered buildings, or Contaminate may cause inaccurate times.
  • Supply counts are checked every 10 seconds.